Map: Blackpink LE

Players

Gemini

  • Race: Protoss Protoss
  • League: Master
  • Spawn Location: 7:00

A.I. 1 (Very Easy) - Winner!

  • Race: Terran Terran
  • Spawn Location: 1:00

VOD

Have the link to the VOD?

Description

Time

  • Played on: Jan. 29, 2018, 1:57 p.m.
  • Length: 7:29
Show
View Real Time Build Order
Export as new Build Order

Gemini Protoss 

Build Orders: 1 Gate Expand, Oracle Opening 

Get SALT Encoding   

  12  0:01  Probe  
  13  0:13  Probe  
  14  0:20  Pylon  
  14  0:25  Probe  
  15  0:38  Probe (Chrono Boost)  
  15  0:39  Gateway  
  16  0:47  Probe (Chrono Boost)  
  16  0:48  Assimilator  
  17  0:52  Probe (Chrono Boost)  
  18  1:04  Probe  
  19  1:17  Probe  
  20  1:22  Nexus  
  20  1:33  Cybernetics Core  
  20  1:34  Probe  
  21  1:40  Assimilator  
  21  1:47  Probe  
  22  1:51  Pylon  
  22  1:59  Probe  
  23  2:06  Stalker (Chrono Boost)  
  23  2:11  Probe  
  26  2:23  Probe  
  27  2:30  Stargate  
  28  2:39  Probe x2 (Chrono Boost)  
  28  2:41  Warp Gate  
  28  2:42  Stalker  
  31  2:48  Probe (Chrono Boost)  
  31  2:50  Probe (Chrono Boost)  
  33  2:53  Probe (Chrono Boost)  
  34  2:59  Probe  
  34  3:05  Probe  
  36  3:10  Oracle (Chrono Boost)  
  36  3:11  Probe  
  36  3:12  Shield Battery  
  37  3:17  Probe  
  41  3:20  Stalker  
  41  3:23  Pylon, Probe  
  44  3:29  Probe  
  45  3:35  Gateway  
  45  3:36  Gateway  
  45  3:41  Probe x2  
  46  3:45  Oracle (Chrono Boost)  
  50  3:51  Pylon  
  50  3:53  Probe x2  
  52  4:05  Probe x2  
  54  4:17  Probe, Oracle  
  57  4:18  Probe  
  57  4:24  Nexus  
  59  4:27  Pylon  
  59  4:30  Probe x2  
  61  4:33  Assimilator  
  61  4:35  Assimilator  
  61  4:42  Probe  
  61  4:45  Probe  
  63  4:46  Forge  
  63  4:47  Twilight Council  
  63  4:51  Pylon  
  63  4:54  Probe  
  63  4:57  Probe  
  65  5:05  Pylon  
  65  5:06  Probe, Sentry  
  68  5:09  Probe  
  68  5:10  Charge (Chrono Boost)  
  68  5:13  Protoss Ground Armor Level 1 (Chrono Boost)  
  69  5:18  Probe  
  69  5:20  Shield Battery  
  70  5:21  Pylon, Probe  
  71  5:34  Probe x2  
  71  5:35  Gateway  
  73  5:37  Gateway  
  73  5:39  Probe, Gateway  
  73  5:41  Zealot, Gateway  
  73  5:42  Sentry  
  78  5:46  Probe x2, Zealot  
  82  5:54  Probe, Gateway  
  83  5:58  Probe x2  
  85  6:06  Probe  
  85  6:10  Probe x2, Robotics Facility  
  88  6:11  Zealot x2  
  88  6:12  Stalker  
  88  6:18  Pylon  
  94  6:28  Assimilator  
  94  6:29  Probe x3  
  94  6:30  Assimilator  
  97  6:34  Pylon  
  97  6:41  Templar Archives, Stalker  
  97  6:42  Stalker x2, Zealot x2  
  97  6:47  Warp Prism  
  107  6:51  Pylon  
  109  7:13  Zealot  
  109  7:14  Zealot x7  
Show
View Real Time Build Order
Export as new Build Order

A.I. 1 (Very Easy) Terran - Winner!

Build Orders: Reaper Expand 

Get SALT Encoding   

  12  0:00  SCV  
  13  0:13  SCV  
  14  0:19  Supply Depot  
  14  0:46  Barracks  
  14  1:03  Command Center  
  14  1:31  Supply Depot  
  14  1:32  Marine  
  14  1:35  Orbital Command  
  14  1:37  Refinery  
  15  1:48  Refinery  
  15  2:00  SCV  
  16  2:12  SCV  
  16  2:15  SCV  
  18  2:17  Reaper  
  19  2:24  SCV  
  19  2:29  SCV  
  21  2:37  SCV  
  22  2:44  SCV  
  23  2:51  SCV  
  24  2:58  SCV  
  25  3:05  SCV  
  26  3:06  Refinery  
  26  3:08  Marine  
  26  3:12  SCV  
  28  3:19  SCV  
  29  3:26  Factory  
  28  3:27  SCV  
  29  3:47  Refinery  
  29  3:50  SCV  
  30  3:57  SCV  
  30  4:00  Marine  
  30  4:01  Supply Depot  
  32  4:05  SCV  
  33  4:12  SCV  
  33  4:13  Starport  
  32  4:19  SCV  
  32  4:21  Barracks Tech Lab  
  33  4:26  SCV  
  34  4:33  SCV  
  35  4:40  SCV  
  36  4:48  SCV  
  36  4:52  Supply Depot, Marauder  
  39  4:55  SCV  
  39  4:56  Starport Tech Lab  
  37  5:02  SCV  
  38  5:09  SCV  
  39  5:15  Raven  
  39  5:16  SCV  
  42  5:23  SCV  
  43  5:30  SCV  
  44  5:38  SCV  
  45  5:43  Marine  
  46  5:58  Raven  
  48  6:35  Marine  
Tags
 
Add a new tag
Caveats
  • Supply blocks, unpowered buildings, or Contaminate may cause inaccurate times.
  • Supply counts are checked every 10 seconds.